 Dungeon Crawl Stone Soup version 0.31-a0-841-g038b102fc3 (webtiles) character file.

Game seed: 11140545169511851666

158 Kurtz the Chopper (level 5, 0/36 HPs)
             Began as an Octopode Fighter on Sept 27, 2023.
             Slain by an endoplasm (2 damage)
             ... on level 3 of the Dungeon.
             The game lasted 00:01:25 (2173 turns).

Kurtz the Chopper (Octopode Fighter)                Turns: 2173, Time: 00:01:26

Health: 0/36       AC:  1    Str: 15    XL:     5   Next: 39%
Magic:  5/5        EV: 13    Int: 11    God:
Gold:   35         SH:  4    Dex: 13    Spells: 4/4 levels left

rFire   . . .        g - +1 flail (holy)
rCold   . . .        b - +0 buckler
rNeg    . . .        (helmet restricted)
rPois   .            m - amulet of the acrobat
rElec   .            (no ring)
rCorr   .            (no ring)
SInv    .            (no ring)
Will    .....        (no ring)
Stlth   ++           (no ring)
HPRegen 0.26/turn    (no ring)
MPRegen 0.09/turn    (no ring)
                     (no ring)

%: acrobat
@: mighty
A: almost no armour, amphibious, 8 rings, camouflage 1, gelatinous body 1,
(nimble swimmer 1), tentacles
a: no special abilities


You were on level 3 of the Dungeon.
You visited 1 branch of the dungeon, and saw 3 of its levels.

You collected 35 gold pieces.

Inventory:

Hand Weapons
 a - a +0 war axe
 g - a +1 flail of holy wrath (weapon)
Armour
 b - a +0 buckler (worn)
Jewellery
 m - an amulet of the acrobat (around mantle)
 o - a ring of magical power
Scrolls
 d - a scroll of teleportation {unknown}
 f - 2 scrolls of identify {unknown}
 i - a scroll of noise {unknown}
 j - 3 scrolls of immolation {unknown}
 l - a scroll of enchant armour {unknown}
 n - a scroll of silence {unknown}
 p - a scroll of butterflies {unknown}
 q - a scroll of enchant weapon {unknown}
Potions
 e - a potion of invisibility {unknown}
 h - a potion of ambrosia {unknown}
 k - a potion of degeneration {unknown}


   Skills:
 - Level 3.0 Fighting
 * Level 5.4 Axes
 - Level 3.0 Dodging
 - Level 3.0 Shields


You had 4 spell levels left.
You didn't know any spells.
Your spell library was empty.

Dungeon Overview and Level Annotations

Branches:
Dungeon (3/15)

Altars:

Shops:
D:2 (

Annotations:
D:2 1 runed translucent door, Crazy Yiuf


Innate Abilities, Weirdness & Mutations

You cannot wear most types of armour.
You are amphibious.
You can wear up to eight rings at the same time.
Your skin changes colour to match your surroundings (Stealth+).
Your rubbery body absorbs attacks. (AC +1, EV +1)
((You are camouflaged when in or above water. (Stealth+)))
You have tentacles for arms and can constrict up to eight enemies at once.


Message History

The puff of flame hits you! You block the orc's attack.
You hit the orc wizard but do no damage.
Your grab misses the orc wizard. You squeeze the orc wizard.
You kill the orc wizard!
The orc misses you. The worm bites you!
Unknown command.
You are too injured to fight recklessly!
You are too injured to fight recklessly!
Unknown command.
You are too injured to fight recklessly!
Unknown command.
You are too injured to fight recklessly!
You sock the worm! You grab the worm.
The worm is severely wounded.
You constrict the worm. The orc closely misses you. The worm bites you.
Unknown command.
You hit the worm.
The worm is almost dead.
You constrict the worm.
You kill the worm!
The orc hits you from afar with a +0 trident. x2
* * * LOW HITPOINT WARNING * * *
Unknown command.
You feel very mighty all of a sudden. You block something's attack.
The orc misses you.
You barely miss something. The orc barely misses you.
Unknown command.
Found a scroll labelled NOSIYFE QOXZA.
The orc closely misses you. Something hits you.
* * * LOW HITPOINT WARNING * * *
You see here a worm corpse.
Unknown command.
You sock the orc!
You kill the orc!
Something hits you.
* * * LOW HITPOINT WARNING * * *
Unknown command.
You miss something.
Your tentacle-slap misses something.
Your squeeze misses something. The endoplasm hits you.
You die...

#.# #.# #. #.
####.# ..#? #....#
.#.
###########....#
#..
...............# ..
##.......##....##.#
#..♣.♣..##....)#.#
#........#....{@.#
##♣.♣.♣.♣.#######J#
..........# l..
..♣.♣.♣.♣## ##^..
.........# ##.#
....♣.♣..# .#
......#### #
......# ....


You could see an endoplasm and a frilled lizard.

Vanquished Creatures
  Jessica (D:2)
  2 orc wizards (D:3)
  2 adders
  A worm (D:3)
  4 dart slugs
  An orc (D:3)
  3 ball pythons
  6 bats
  2 endoplasms
  3 giant cockroaches (D:1)
  8 goblins
  5 hobgoblins
  3 jackals (D:1)
  4 kobolds (D:1)
  A quokka (D:1)
  3 frilled lizards
  A rat (D:2)
50 creatures vanquished.

Notes
Turn   | Place    | Note
-------+----------+-------------------------------------------
     0 | D:1      | Kurtz the Octopode Fighter began the quest for the Orb.
     0 | D:1      | Reached XP level 1. HP: 16/16 MP: 1/1
   206 | D:1      | Reached XP level 2. HP: 20/21 MP: 2/2
   261 | D:1      | Reached skill level 3 in Axes
   538 | D:1      | Reached XP level 3. HP: 26/26 MP: 3/3
  1302 | D:2      | Found a faded altar of an unknown god.
  1356 | D:2      | Found a runed translucent door.
  1357 | D:2      | Noticed Crazy Yiuf
  1486 | D:2      | Reached skill level 4 in Axes
  1584 | D:2      | Reached XP level 4. HP: 31/31 MP: 4/4
  1700 | D:2      | Found Linaybuz's Antique Weapon Emporium.
  1801 | D:2      | Noticed Jessica
  1808 | D:2      | Killed Jessica
  2163 | D:3      | Reached skill level 5 in Axes
  2163 | D:3      | Reached XP level 5. HP: 36/36 MP: 5/5
  2172 | D:3      | HP: 1/36 [something (4)]
  2173 | D:3      | Slain by an endoplasm

Illustrated notes

Levels and vault maps discovered:
D:1:      matt_arrival_refuge, layout_loops_corners
D:2:      layout_loops_ring, nicolae_ecumenical_oubliette, serial_shops, shop,
          minmay_misc_feat_four_crosses, item_on_display_a, uniq_jessica,
          uniq_crazy_yiuf_cottage
D:3:      layout_rooms, serial_forest, infiniplex_forest_lined_4_way,
          infiniplex_forest_lined_2, infiniplex_forest_lined_3,
          infiniplex_forest_clump_small, grunt_decor_mini_mirrors,
          minmay_strange_pillars, minmay_misc_feat_rows, minmay_snake_closets

Skill      XL: |  1  2  3  4 |
---------------+-------------+-----
Axes           | 3 4 5 |  5.4
Fighting       | |  3.0
Dodging        | |  3.0
Shields        | |  3.0

Action                     |  1- 3 |  4- 6 || total
---------------------------+-------+-------++-------
  Melee: War axe           |    22 |       ||    22
         Constrict         |    19 |     8 ||    27
         Flail             |    39 |    24 ||    63
         Tentacles         |     9 |     6 ||    15
         Punch             |     1 |       ||     1
    Use: Potion            |       |     1 ||     1
   Stab: Sleeping          |    11 |     2 ||    13
 Armour: Skin              |    26 |    14 ||    40
  Dodge: Dodged            |    42 |    14 ||    56
  Block: Buckler           |     8 |     4 ||    12

Table legend: (Time is in decaauts)
 A = Elapsed time spent in this place.
 B = Non-inter-level travel time spent in this place.
 C = Inter-level travel time spent in this place.
 D = Time resting spent in this place.
 E = Time spent auto-exploring this place.
 F = Levels seen in this place.
 G = Mean time per level.
                   A        B        C        D        E       F      G
               +--------+--------+--------+--------+--------+-----+--------+
         Total |   2207 |   2054 |    153 |    259 |   1501 |   3 |  735.7 |
       Dungeon |   2207 |   2054 |    153 |    259 |   1501 |   3 |  735.7 |
               +--------+--------+--------+--------+--------+-----+--------+

Top non-repeatable levels by time:
     D:2: 1061 daAuts
     D:1: 1057 daAuts
     D:3: 88 daAuts
